 Dungeon Crawl Stone Soup version 0.27-a0-1065-ge809cff (webtiles) character file.

Game seed: 1746151748876142534

238 GeorgeSoros the Skirmisher (level 6, 0/51 HPs)
             Began as a Barachi Monk on Apr 23, 2021.
             Was a Priest of Wu Jian.
             Slain by a jelly (2 damage)
             ... on level 3 of the Dungeon.
             The game lasted 00:12:55 (3788 turns).

GeorgeSoros the Skirmisher (Barachi Monk)           Turns: 3788, Time: 00:12:55

Health: 0/51       AC: -9    Str: 14    XL:     6   Next: 7%
Magic:  6/6        EV: 12    Int: 11    God:    Wu Jian [***...]
Gold:   124        SH:  0    Dex: 14    Spells: 5/5 levels left

rFire    . . .     SeeInvis .   g - +4 short sword
rCold    . . .     Faith    .   (no shield)
rNeg     . . .     Spirit   .   e - +1 ring mail
rPois    .         Reflect  .   (no helmet)
rElec    .         Harm     .   k - scarf {repulsion}
rCorr    .         Rampage  .   (no gloves)
Will     .....                  (no boots)
Stlth    +.........             (no amulet)
HPRegen  0.17/turn              (no ring)
MPRegen  0.10/turn              (no ring)

@: about to teleport, corroded, repel missiles, slow
A: amphibious, slowness 1, strong legs 1, +LOS
a: Hop, Renounce Religion, Wall Jump, Serpent's Lash


You were on level 3 of the Dungeon.
You worshipped Wu Jian.
Wu Jian was most pleased with you.
You visited 1 branch of the dungeon, and saw 4 of its levels.

You collected 124 gold pieces.

Inventory:

Hand Weapons
 a - a +0 falchion
 g - a +4 short sword (weapon)
Armour
 b - a +0 robe
 e - a +1 ring mail (worn)
 k - a scarf of repulsion (worn)
Potions
 c - a potion of might
 d - 3 potions of curing {unknown}
 f - 2 potions of degeneration {unknown}
 h - a potion of lignification {unknown}
 i - 2 potions of attraction {unknown}
 l - a potion of berserk rage {unknown}


   Skills:
 + Level 5.1 Fighting
 + Level 5.0 Long Blades
 + Level 3.1 Armour
 + Level 4.5 Dodging
 - Level 1.7 Stealth


You had 5 spell levels left.
You didn't know any spells.
Your spell library contained the following spells:

 Spells                   Type           Power      Damage    Failure   Level
 Animate Skeleton         Necr           0%         N/A       56%         1
 Pain                     Necr           0%         1d4       56%         1
 Confusing Touch          Hex            0%         N/A       91%         3
 Gell's Gravitas          Tloc           0%         N/A       91%         3
 Vampiric Draining        Necr           0%         2d6       91%         3
 Animate Dead             Necr           0%         N/A       100%        4
 Petrify                  Tmut/Erth      0%         N/A       100%        4
 Agony                    Necr           0%         N/A       100%        5
 Metabolic Englaciation   Hex/Ice        0%         N/A       100%        5
 Yara's Violent Unravell  Hex/Tmut       0%         3d3       100%        5


Dungeon Overview and Level Annotations

Branches:
Dungeon (4/15)
 Temple: D:4-7

Altars:
Vehumet
Wu Jian
Xom

Shops:
D:1 ?=   D:2 ?


Innate Abilities, Weirdness & Mutations

You are amphibious.
You cover ground slowly.
You can hop short distances.
You have an extended range of vision and can be seen from far away.


Message History

The jelly quivers.
The orc shouts!
You hear a shout!
An orc comes into view. It is wielding a +0 dagger.
Found a glowing ruby potion.
There is a stone staircase leading up here.
You lunge at the jelly, in a flurry of attacks.
An orc comes into view. It is wielding a +0 club.
The orc shouts!
The orc wizard shouts!
You puncture the jelly!
Your hands burn!
The jelly is heavily wounded.
You hit the jelly but do no damage. The acid corrodes you!
Your hands burn!
The jelly is heavily wounded.
The jelly hits you but does no damage. The jelly misses you.
There is a stone staircase leading up here.
The jelly hits you. The acid corrodes you!
You are splashed with acid!
You climb upwards.
There is a stone staircase leading down here.
You hit the jelly.
Your hands burn!
The jelly is heavily wounded.
The jelly barely misses you.
You hit the jelly but do no damage. The acid corrodes you!
Your hands burn!
The jelly is heavily wounded.
The jelly barely misses you.
You completely miss the jelly.
The jelly is heavily wounded.
The jelly barely misses you.
You hit the jelly.
Your hands burn!
The jelly is severely wounded.
The jelly hits you. The acid corrodes you!
You are splashed with acid!
* * * LOW HITPOINT WARNING * * *
You hit the jelly but do no damage.
Your hands burn!
* * * LOW HITPOINT WARNING * * *
The jelly is severely wounded.
The jelly hits you.
* * * LOW HITPOINT WARNING * * *
You are splashed with acid!
* * * LOW HITPOINT WARNING * * *
As you read the scroll of teleportation, it crumbles to dust.
You feel strangely unstable. The jelly hits you.
You die...

..[...............## #.##.#
######..##.###...### #.##.#
###..##.........# ##.##.#
#....##########.# #.....#
####.#..### ##.###..##.#
..........## ##..)##^....#
####.##....## #.<.#.#.#.#.#
####.##.###.####..#<##.....#
.......## ##.#.#@#.###.#.###
####.#.# #..#..J####.#.##### #
#.#.## ##.###.....#.......# #
#.##.###.## ##.##.#.....#†####
#
#.###...#.###..##.#.)...#.....
#
#.########.#.#.##.#.....#....#
#
#...................[#######..
#
###########.)..........†#....#
#...........#.#.####


You could see a jelly.

Vanquished Creatures
  A scorpion (D:3)
  Natasha (twice) (D:3)
  An orc wizard (D:4)
  A howler monkey skeleton (D:2)
  2 adders (D:3)
  2 worms
  3 dart slugs
  7 orcs (D:3)
  4 endoplasms
  3 giant cockroaches
  7 jackals
  4 quokkas (D:1)
  4 ball pythons
  6 bats
  4 frilled lizards
  3 goblins
  5 kobolds
  5 rats
64 creatures vanquished.

Notes
Turn   | Place    | Note
-------+----------+-------------------------------------------
     0 | D:1      | GeorgeSoros the Barachi Monk began the quest for the Orb.
     0 | D:1      | Reached XP level 1. HP: 18/18 MP: 1/1
   280 | D:1      | Found Atezath's Magic Scroll Emporium.
   348 | D:1      | Found Zeathruf's Jewellery Boutique.
   357 | D:1      | Reached XP level 2. HP: 25/25 MP: 2/2
   398 | D:1      | Found a faded altar of an unknown god.
   406 | D:1      | Became a worshipper of the Wu Jian Council
   406 | D:1      | Reached * piety under Wu Jian
   406 | D:1      | Reached ** piety under Wu Jian
   499 | D:1      | Reached skill level 1 in Armour
  1263 | D:2      | Reached XP level 3. HP: 27/30 MP: 3/3
  1538 | D:2      | Reached *** piety under Wu Jian
  1687 | D:2      | Found Lalo's Magic Scroll Shoppe.
  2195 | D:3      | Reached XP level 4. HP: 28/37 MP: 4/4
  2438 | D:3      | Noticed a scorpion
  2444 | D:3      | Killed a scorpion
  2445 | D:3      | Reached XP level 5. HP: 43/43 MP: 5/5
  2705 | D:3      | Found a shimmering altar of Xom.
  2705 | D:3      | Found a radiant altar of Vehumet.
  2891 | D:3      | Noticed Natasha
  2896 | D:3      | Killed Natasha
  3247 | D:3      | Reached skill level 5 in Fighting
  3520 | D:3      | Noticed Natasha
  3534 | D:3      | Killed Natasha
  3535 | D:3      | Reached skill level 5 in Long Blades
  3535 | D:3      | Reached XP level 6. HP: 14/51 MP: 6/6
  3787 | D:3      | HP: 2/51 [acid (7)]
  3788 | D:3      | Slain by a jelly

Illustrated notes

Levels and vault maps discovered:
D:1:      nzn_arrival_settlement, layout_loops_ring, basic_ecumenical_altar,
          serial_shops, shop_fountains, nicolae_shop_behind_doors,
          minmay_crystal_room, grunt_decor_clamped, chequers_avenue
D:2:      layout_basic, serial_shops, shop
D:3:      minmay_wonky_spiral, layout_loops_ring,
          gammafunk_temple_overflow_pools, chequers_serial_rivers_small_b,
          uniq_natasha
D:4:      layout_cave_pools, nicolae_tso_carved_into_rock, serial_column_ruins,
          column_ruins_circle_large, column_ruins_open_small,
          column_ruins_columns_dead_end, column_ruins_grid_1,
          column_ruins_open_large, serial_shops, shop, uniq_grinder

Skill      XL: |  1  2  3  4  5 |
---------------+----------------+-----
Armour         | 1 2 3 |  3.1
Fighting       | 4 5 |  5.1
Long Blades    | 4 5 |  5.0
Dodging        | 4 |  4.5
Stealth        | |  1.7

Action                   |  1- 3 |  4- 6 || total
-------------------------+-------+-------++-------
Melee: Falchion          |    72 |       ||    72
       Short sword       |    49 |   108 ||   157
Invok: Whirlwind         |     1 |       ||     1
       Lunge             |     1 |    11 ||    12
 Abil: Hop               |     2 |       ||     2
       Wall Jump         |     8 |     1 ||     9
  Use: Scroll            |     2 |     4 ||     6
 Stab: Sleeping          |     5 |       ||     5
Armor: Robe              |     3 |       ||     3
       Ring mail         |    43 |    22 ||    65
Dodge: Dodged            |    75 |    47 ||   122
       Repelled          |       |     2 ||     2
       Rpst.: Falchion   |    23 |       ||    23

Table legend: (Time is in decaauts)
 A = Elapsed time spent in this place.
 B = Non-inter-level travel time spent in this place.
 C = Inter-level travel time spent in this place.
 D = Time resting spent in this place.
 E = Time spent auto-exploring this place.
 F = Levels seen in this place.
 G = Mean time per level.
                   A        B        C        D        E       F      G
               +--------+--------+--------+--------+--------+-----+--------+
         Total |   4251 |   4050 |    201 |    453 |   3014 |   4 | 1062.8 |
       Dungeon |   4251 |   4050 |    201 |    453 |   3014 |   4 | 1062.8 |
               +--------+--------+--------+--------+--------+-----+--------+

Top non-repeatable levels by time:
     D:3: 1647 daAuts
     D:1: 1442 daAuts
     D:2: 1146 daAuts
     D:4: 15 daAuts
